 Dungeon Crawl Stone Soup version 0.29.0-4-gdea44cf6ec (webtiles) character file.

Game seed: 8384219667959370085

89 qw the Chopper (level 4, -7/26 HPs)
             Began as a Tengu Warper on Aug 29, 2022.
             Mangled by a gnoll
             ... wielding a +0 halberd
              (11 damage)
             ... on level 3 of the Dungeon.
             The game lasted 00:00:33 (2854 turns).

qw the Chopper (Tengu Warper)                       Turns: 2854, Time: 00:00:34

Health: -7/26      AC:  5    Str: 20    XL:     4   Next: 55%
Magic:  8/8        EV: 11    Int: 13    God:
Gold:   93         SH:  0    Dex: 13    Spells: 7/7 levels left

rFire   + . .      SeeInvis .   Y - +0 hand axe
rCold   . . .      Faith    .   (no shield)
rNeg    . . .      Spirit   .   e - +0 ring mail
rPois   .          Reflect  .   (helmet restricted)
rElec   .          Harm     .   (no cloak)
rCorr   .          Rampage  .   (no gloves)
Will    .....                   (boots unavailable)
Stlth   +.........              (no amulet)
HPRegen 0.08/turn               c - +6 ring of strength
MPRegen 0.11/turn               h - ring of protection from fire

@: no status effects
A: beak, talons 3
a: no special abilities


You were on level 3 of the Dungeon.
You visited 1 branch of the dungeon, and saw 3 of its levels.

You collected 93 gold pieces.


Innate Abilities, Weirdness & Mutations

You have a beak for a mouth.
You have claws for feet.


   Skills:
 - Level 2.0 Fighting
 + Level 5.1 Axes
 - Level 1.0 Throwing
 - Level 1.1 Armour
 - Level 2.1 Dodging
 - Level 2.0 Spellcasting
 - Level 2.4 Translocations


You had 7 spell levels left.
You didn't know any spells.
Your spell library contained the following spells:

 Spells                   Type           Power      Damage    Failure   Level
 Blink                    Tloc           14%        N/A       24%         2
 Gell's Gravitas          Tloc           7%         N/A       43%         3
 Lesser Beckoning         Tloc           7%         N/A       43%         3
 Teleport Other           Tloc           7%         N/A       43%         3
 Manifold Assault         Tloc           7%         N/A       99%         5

Inventory:

Hand Weapons
 a - a +0 mace
 Y - a +0 hand axe (weapon)
Armour
 e - a +0 ring mail (worn)
Jewellery
 c - a +6 ring of strength (left hand)
 h - a ring of protection from fire (right hand)
Scrolls
 b - a scroll of identify
Potions
 d - a potion of berserk rage {unknown}
 g - a potion of curing {unknown}
 j - a potion of haste {unknown}
 k - a potion of heal wounds {unknown}

Dungeon Overview and Level Annotations

Branches:
Dungeon (3/15)

Altars:

Shops:
D:2 (


Message History

Waypoint 2 re-assigned from D:1 to D:3.
You open the door.
A gnoll comes into view. It is wielding a +0 whip.
You hit the gnoll but do no damage. Your kick misses the gnoll.
The gnoll misses you.
You completely miss the gnoll. The gnoll hits you with a +0 whip.
You hit the gnoll. You peck the gnoll.
The gnoll is moderately wounded.
The gnoll closely misses you.
You slash the gnoll! You peck the gnoll.
You kill the gnoll!
You start resting.
HP restored.
There is an open door here.
You see here a +0 whip. 3 gnolls come into view.
A gnoll is wielding a +0 spear of venom.
A gnoll is wielding a +2 vorpal flail.
The gnoll shouts!
The gnoll misses you.
You hit the gnoll but do no damage. You claw the gnoll.
The gnoll is moderately wounded.
You closely miss the gnoll. You barely miss the gnoll. The gnoll misses you.
The gnoll hits you but does no damage.
The gnoll hits you with a +2 vorpal flail.
You barely miss the gnoll.
The gnoll is moderately wounded.
You closely miss the gnoll. You hit the gnoll but do no damage.
The gnoll barely misses you. x2; The gnoll closely misses you.
You hit the gnoll. You claw the gnoll.
The gnoll is severely wounded.
You hit the gnoll. You closely miss the gnoll.
The gnoll hits you with a +0 spear of venom!
The gnoll completely misses you. The gnoll misses you.
You hit the gnoll but do no damage. You peck the gnoll, but do no damage.
The gnoll is severely wounded.
You barely miss the gnoll. You hit the gnoll but do no damage.
The gnoll hits you with a +2 vorpal flail.
The gnoll closely misses you. The gnoll hits you with a +0 halberd!
You die...

########+##
#.........#
#.........#
#.........#
#.........#
#.........#
###....g....#
#.)....@g...#
#.#.....g...#
#.#.........#
#.#.........#
#.#.........#
#.###########
#.# #.# #.#


You could see 3 gnolls.

Vanquished Creatures
  A gnoll (D:3)
  3 adders (D:2)
  A dart slug (D:1)
  7 ball pythons
  2 bats (D:1)
  6 endoplasms
  A giant cockroach (D:1)
  3 goblins (D:1)
  5 hobgoblins
  8 jackals
  2 quokkas (D:2)
  2 frilled lizards
  4 kobolds (D:1)
45 creatures vanquished.

Notes
Turn   | Place    | Note
-------+----------+-------------------------------------------
     0 | D:1      | qw the Tengu Warper began the quest for the Orb.
     0 | D:1      | Reached XP level 1. HP: 12/12 MP: 4/4
     0 | D:1      | 0 ||| qw: Version: 0.1-a-89-g26bdef1
     0 | D:1      | 0 ||| qw: Game counter: 3519
     0 | D:1      | 0 ||| qw: Always use a shield: true
     0 | D:1      | 0 ||| qw: God list: Okawaru
     0 | D:1      | 0 ||| qw: Allow faded altars: false
     0 | D:1      | 0 ||| qw: Do Orc after D:15 true
     0 | D:1      | 0 ||| qw: Do second Lair branch before Depths: true
     0 | D:1      | 0 ||| qw: Lair rune preference: random
     0 | D:1      | 0 ||| qw: Plans: Normal
     0 | D:1      | 0 ||| PLANNING D:1-11
   277 | D:1      | Reached skill level 3 in Axes
   277 | D:1      | Reached XP level 2. HP: 14/17 MP: 6/6
   621 | D:1      | 621 ||| Stepping ~*~*~tactically~*~*~ (stealth).
   740 | D:1      | 740 ||| Stepping ~*~*~tactically~*~*~ (stealth).
   742 | D:1      | 742 ||| Stepping ~*~*~tactically~*~*~ (stealth).
   744 | D:1      | 744 ||| Stepping ~*~*~tactically~*~*~ (stealth).
   750 | D:1      | 750 ||| Stepping ~*~*~tactically~*~*~ (stealth).
   766 | D:1      | Reached XP level 3. HP: 16/21 MP: 7/7
   842 | D:1      | 842 ||| Stepping ~*~*~tactically~*~*~ (stealth).
   844 | D:1      | 844 ||| Stepping ~*~*~tactically~*~*~ (stealth).
   888 | D:1      | Reached skill level 4 in Axes
  1273 | D:1      | 1273 ||| UPGRADING to +0 ring mail.
  1283 | D:1      | 1283 ||| DROPPING +0 leather armour.
  1284 | D:1      | 1284 ||| READING scroll labelled NUOMMI GUGE.
  1285 | D:1      | 1285 ||| READING scroll labelled ZET KAVIMASTRE.
  1286 | D:1      | 1286 ||| READING scroll labelled QER NAQA PAUFA.
  1287 | D:1      | 1287 ||| DROPPING scroll of blinking.
  1650 | D:2      | 1650 ||| DROPPING +0 club.
  1659 | D:2      | Found Fufol's Antique Weapon Shoppe.
  2035 | D:2      | Reached XP level 4. HP: 25/26 MP: 8/8
  2441 | D:2      | Reached skill level 5 in Axes
  2720 | D:2      | Found a faded altar of an unknown god.
  2727 | D:2      | 2727 ||| UPGRADING to +6 ring of strength.
  2728 | D:2      | 2728 ||| UPGRADING to ring of protection from fire.
  2729 | D:2      | 2729 ||| READING 2 scrolls labelled HUWE RIROG.
  2730 | D:2      | 2730 ||| READING scroll labelled KETAEZ SUROC.
  2733 | D:2      | 2733 ||| DRINKING 2 sedimented silvery potions.
  2734 | D:2      | 2734 ||| DROPPING potion of attraction.
  2854 | D:3      | HP: 5/26 [gnoll/+2 vorpal flail (6)]
  2854 | D:3      | Mangled by a gnoll

Levels and vault maps discovered:
D:1:      psy_arrival_terrarium, layout_basic, minmay_misc_feat_chi
D:2:      layout_loops_ring, dreamdust_ecumenical_altar_hidden_monk_grotto,
          serial_shops, nicolae_shop_overgrown_old_shop
D:3:      layout_basic, nicolae_overflow_hallway_of_the_gods

Skill      XL: |  1  2  3  4 |
---------------+-------------+-----
Axes           | 3 4 5 |  5.1
Fighting       | |  2.0
Throwing       | |  1.0
Armour         | |  1.1
Dodging        | |  2.1
Spellcasting   | |  2.0
Translocations | |  2.4

Action                   |  1- 3 |  4- 6 || total
-------------------------+-------+-------++-------
Melee: Hand axe          |   102 |    29 ||   131
       Kick              |    26 |     8 ||    34
       Peck              |    17 |     5 ||    22
Throw: Boomerang         |     7 |       ||     7
  Use: Scroll            |     3 |     2 ||     5
       Potion            |       |     1 ||     1
Armor: Leather armour    |    22 |       ||    22
       Ring mail         |     9 |    10 ||    19
Dodge: Dodged            |    58 |    19 ||    77

Table legend:
 A = Non-vault XP
 B = Vault XP
 C = Vault XP percentage of total XP
 D = Non-vault monster count
 E = Vault monster count
 F = Vault count percentage of total count
                 A         B        C        D         E       F
            +---------+---------+-------+---------+---------+-------
      Total |     128 |       0 |   0.0 |      45 |       0 |   0.0
            +---------+---------+-------+---------+---------+-------
        D:1 |      52 |       0 |   0.0 |      28 |       0 |   0.0
        D:2 |      62 |       0 |   0.0 |      16 |       0 |   0.0
        D:3 |      14 |       0 |   0.0 |       1 |       0 |   0.0
            +---------+---------+-------+---------+---------+-------
